 Dungeon Crawl Stone Soup version 0.24.0-2-g5b39cebb1c (webtiles) character file.

Game seed: 17776962052177945645, levelgen mode: deterministic

50687 Lanoc the Nimble (level 14, -5/104 HPs)
             Began as a Halfling Monk on Oct 31, 2019.
             Was the Champion of the Shining One.
             Slain by a dire elephant (33 damage)
             ... on level 15 of the Dungeon.
             The game lasted 01:00:01 (17984 turns).

Lanoc the Nimble (Halfling Monk)                   Turns: 17984, Time: 01:00:01

Health: -5/104     AC: 19    Str: 15    XL:     14   Next: 98%
Magic:  14/14      EV: 28    Int:  8    God:    the Shining One [******]
Gold:   1234       SH:  7    Dex: 19    Spells: 13/13 levels left

rFire    . . .     SeeInvis +   b - +6 fustibalus (flame)
rCold    + . .     Gourm    +   R - +0 buckler
rNeg     + + +     Faith    .   w - +3 leather armour of Exclusion {rC+ Dex-3 Slay+2}
rPois    +         Spirit   .   i - +2 helmet
rElec    .         Reflect  .   D - +2 cloak {rPois}
rCorr    +         Harm     .   q - +2 pair of gloves {Str+3}
MR       +....                  B - +1 pair of boots
Stlth    +.........             z - amulet of the gourmand
HPRegen  0.27/turn              I - ring of see invisible
MPRegen  0.14/turn              l - ring of resist corrosion

@: glowing
A: small, mutation resistance 1
a: Divine Shield, Cleansing Flame, Summon Divine Warrior, Brand Weapon With Holy
Wrath, Renounce Religion


You were on level 15 of the Dungeon.
You worshipped the Shining One.
The Shining One was exalted by your worship.
You were not hungry.

You visited 2 branches of the dungeon, and saw 16 of its levels.
You also visited: Bailey.

You collected 1234 gold pieces.

Inventory:

Hand Weapons
 b - a +6 fustibalus of flaming (weapon)
 j - the +10 scimitar of Paper {holy, *Noise +Inv Str+7 Dex+3}
   (You took it off an orc knight on level 12 of the Dungeon)

   It has been blessed by the Shining One to cause great damage to the undead
   and demons.
   It affects your strength (+7).
   It affects your dexterity (+3).
   It lets you turn invisible.
   It may make noises in combat.
 J - a +3 scimitar of flaming
 P - the +3 hunting sling of Revolt {flame, rF+}
   (You acquired it in a bailey)

   It causes projectiles fired from it to burn those they strike, causing extra
   injury to most foes and up to half again as much damage against particularly
   susceptible opponents.
   It protects you from fire.
Missiles
 g - 124 stones (quivered)
 m - 31 sling bullets
Armour
 i - a +2 helmet (worn)
 q - a +2 pair of gloves of strength (worn)
 w - the +3 leather armour of Exclusion (worn) {rC+ Dex-3 Slay+2}
   (You found it on level 4 of the Dungeon)

   It affects your dexterity (-3).
   It affects your accuracy and damage with ranged weapons and melee attacks
   (+2).
   It protects you from cold.
 B - a +1 pair of boots (worn)
 D - a +2 cloak of poison resistance (worn)
 R - a +0 buckler (worn)
 S - a +1 shield of fire resistance
Jewellery
 h - an uncursed ring of flight
 l - a ring of resist corrosion (right hand)
 z - an amulet of the gourmand (around neck)
 I - a ring of see invisible (left hand)
Wands
 x - a wand of scattershot (10)
 y - a wand of iceblast (6)
 G - a wand of digging (5)
 K - a wand of acid (4)
 M - a wand of polymorph (3)
 N - a wand of disintegration (32)
 O - a wand of flame (21)
Scrolls
 d - 2 scrolls of remove curse
 k - a scroll of teleportation
 n - 4 scrolls of enchant armour
 o - 2 scrolls of magic mapping
 r - 2 scrolls of silence
 s - a scroll of amnesia
 u - 3 scrolls of fear
 v - 4 scrolls of identify
 A - a scroll of immolation
 H - a scroll of holy word
Potions
 a - a potion of heal wounds
 e - 2 potions of might {unknown}
 f - 3 potions of resistance
 p - 4 potions of lignification
 t - 3 potions of curing
 F - a potion of cancellation
 L - a potion of agility
Miscellaneous
 C - a crystal ball of energy
 E - a box of beasts
Comestibles
 c - 23 rations


   Skills:
 + Level 12.8 Fighting
 + Level 8.5 Long Blades
 - Level 14.0 Slings
 + Level 9.2 Armour
 + Level 14.8 Dodging
 - Level 2.1 Stealth
 * Level 4.5 Shields


You had 13 spell levels left.
You didn't know any spells.
Your spell library contained the following spells:

 Spells                   Type           Power        Failure   Level  Hunger
 Confusing Touch          Hex            #.....       50%         1    ##.....
 Corona                   Hex            #......      50%         1    ##.....
 Infusion                 Chrm           #...         50%         1    ##.....
 Ensorcelled Hibernation  Hex/Ice        #.....       65%         2    ###....
 Shroud of Golubria       Chrm/Tloc      #.....       65%         2    ###....
 Song of Slaying          Chrm           #.......     65%         2    ###....
 Confuse                  Hex            #.......     86%         3    ####...
 Dazzling Spray           Conj/Hex       #.....       86%         3    ####...
 Gell's Gravitas          Tloc           #.........   86%         3    ####...
 Regeneration             Chrm/Necr      #.........   86%         3    ####...
 Spectral Weapon          Hex/Chrm       #.......     86%         3    ####...
 Tukima's Dance           Hex            #.......     86%         3    ####...
 Ice Form                 Ice/Tmut       #.......     99%         4    #####..
 Petrify                  Tmut/Erth      #.......     99%         4    #####..
 Metabolic Englaciation   Hex/Ice        #.........   100%        5    ######.
 Yara's Violent Unravell  Hex/Tmut       #.........   100%        5    ######.
 Bolt of Cold             Conj/Ice       #.........   100%        6    #######
 Freezing Cloud           Conj/Ice/Air   #.........   100%        6    #######
 Ozocubu's Refrigeration  Ice            #.........   100%        6    #######
 Simulacrum               Ice/Necr       #.........   100%        6    #######


Dungeon Overview and Level Annotations

Branches:
Dungeon (15/15)            Temple (1/1) D:5            Lair (0/6) D:11
    Orc (0/2) D:11         Vaults (0/5) D:13         Depths (0/5) D:15
 Bailey (visited)

Altars:
Cheibriados
Dithmenos
Elyvilon
Fedhas
Gozag
Hepliaklqana
Kikubaaqudgha
Makhleb
Okawaru
Qazlal
Ru
Sif Muna
Trog
Uskayaw
Wu Jian
Xom
Yredelemnul
The Shining One
Beogh

Shops:
D:11 [   D:13 *%

Annotations:
D:2 Sigmund
D:10 2 transporters, Fannar; Harold; Sonja; Uttuuhiph's ghost, novice DgWn


Innate Abilities, Weirdness & Mutations

You are small and have problems with some larger weapons.
You are somewhat resistant to further mutation.


Message History

Aim: a dire elephant (almost dead, haloed)
You shoot a stone.
The stone hits the dire elephant but does no damage.
The dire elephant is almost dead.
The merfolk completely misses you.
Firing (i - inventory. (/) - cycle)
g - 126 stones (quivered)
Press: ? - help, Shift-Dir - straight line, f/p - dire elephant
Aim: a dire elephant (almost dead, haloed)
You shoot a stone. The stone hits the dire elephant.
The stone burns the dire elephant.
The dire elephant is almost dead.
The dire elephant barely misses you. The dire elephant misses you.
Firing (i - inventory. (/) - cycle)
g - 125 stones (quivered)
Press: ? - help, Shift-Dir - straight line, f/p - dire elephant
Aim: a dire elephant (almost dead, haloed)
You shoot a stone.
The stone hits the dire elephant but does no damage.
The dire elephant is almost dead.
The dire elephant tramples you!!
You die...

#....# #..#.#...(...) ####....+
###..#.#..(.(..) #......##
#....#.##'###### #......#
#....#.......... #.†....#
#....#.......... #......####
###....#.......... #..........
......#.......... #........#
#####....#..........
#........#.(#.≈@..≈..#..........
#........#(.(.Y.#m...#..........
#........####(####.#.#..........
#.........# #( #..#.#........##
###.......# #( #.≈#.##########.
#.......# #( ...#............
#.......# ># ##.##............
#.......# # #. #............
#.......#######. #............


You could see a dire elephant and a merfolk.

Vanquished Creatures
  Josephine (D:13)
  3 hydras
  2 centaur warriors (D:13)
  Erica (D:8)
  2 death knights
  The ghost of Plazmod the Destroyer, a journeyman DECj of Vehumet (D:12)
  4 two-headed ogres
  3 tengu warriors (D:15)
  Nergalle (D:11)
  3 skeletal warriors
  An unseen horror (D:15)
  5 orc knights
  A mana viper (D:13)
  14 ugly things
  3 deep elf magi
  A wolf spider (D:15)
  7 cyclopes
  A black mamba (D:13)
  A centaur zombie (D:14)
  4 kobold demonologists
  A yaktaur (shapeshifter) (D:13)
  2 freezing wraiths (D:14)
  A tengu conjurer (D:15)
  2 komodo dragons (D:13)
  A harpy zombie (D:14)
  4 trolls
  Grinder (D:6)
  2 dream sheep (D:8)
  16 slime creatures
  5 hippogriffs
  A spriggan (shapeshifter) (D:13)
  11 yaks
  4 shadows
  2 basilisks
  7 wraiths
  A wyvern (D:11)
  A wyvern (shapeshifter) (D:13)
  6 vampire mosquitoes (D:12)
  A warg (D:15)
  A naga (D:13)
  3 acid dragons
  A soldier ant (D:13)
  4 ice beasts
  18 orc warriors
  Duvessa (D:7)
  2 eyes of draining
  2 phantoms (D:7)
  5 ogres
  11 centaurs
  2 crocodiles (D:13)
  10 big kobolds
  7 bullfrogs
  A wyvern zombie (D:11)
  Dowan (D:7)
  4 scorpions
  3 killer bees (D:9)
  9 wights
  9 howler monkeys
  10 crimson imps
  3 bullfrog zombies
  4 jellies
  2 quasits
  3 bullfrog skeletons
  14 orc priests
  Crazy Yiuf (D:7)
  5 centaur skeletons
  3 hounds
  4 iguanas
  12 orc wizards
  10 worker ants
  A hound skeleton (D:9)
  A howler monkey zombie (D:9)
  3 worker ant zombies
  21 gnolls
  13 adders
  9 shadow imps
  2 oozes
  3 adder skeletons
  An adder zombie (D:3)
  A worm (D:3)
  4 leopard geckos
  76 orcs
  5 bats
  4 giant cockroaches
  13 goblins
  16 hobgoblins
  8 jackals
  2 quokkas
  A ball python (D:1)
  A frilled lizard (D:3)
  15 kobolds
  A leopard gecko skeleton (D:4)
  4 rats
498 creatures vanquished.

Vanquished Creatures (collateral kills)
  An orc warlord (Bailey)
1 creature vanquished.

Vanquished Creatures (others)
  2 plants (D:8)
2 creatures vanquished.

Grand Total: 501 creatures vanquished

Notes
Turn   | Place    | Note
-------+----------+-------------------------------------------
     0 | D:1      | Lanoc the Halfling Monk began the quest for the Orb.
     0 | D:1      | Reached XP level 1. HP: 15/15 MP: 1/1
   235 | D:1      | Reached XP level 2. HP: 19/20 MP: 2/2
   882 | D:2      | Noticed Sigmund
   918 | D:2      | Found a bloodstained altar of Trog.
  1036 | D:2      | Reached XP level 3. HP: 12/25 MP: 3/3
  1762 | D:3      | Reached XP level 4. HP: 26/31 MP: 4/4
  2141 | D:3      | Reached XP level 5. HP: 23/36 MP: 5/5
  2823 | D:4      | Reached XP level 6. HP: 33/42 MP: 6/6
  2828 | D:4      | Got a heavily runed leather armour
  2839 | D:4      | Identified the +3 leather armour of Exclusion {rC+ Dex-3
                  | Slay+2} (You found it on level 4 of the Dungeon)
  2960 | D:4      | Noticed an ogre
  3037 | D:5      | Entered Level 5 of the Dungeon
  3037 | D:5      | Found a staircase to the Ecumenical Temple.
  3046 | Temple   | Entered the Ecumenical Temple
  3211 | Temple   | Became a worshipper of the Shining One
  3211 | Temple   | Reached * piety under the Shining One
  3211 | Temple   | Reached ** piety under the Shining One
  3341 | D:5      | Reached skill level 5 in Long Blades
  3465 | D:5      | Reached skill level 1 in Slings
  3612 | D:5      | Reached XP level 7. HP: 48/48 MP: 7/7
  3704 | D:5      | Found a hide-covered altar of Uskayaw.
  3704 | D:5      | Found an opulent altar of Gozag.
  3704 | D:5      | Found a shadowy altar of Dithmenos.
  3736 | D:5      | Reached skill level 5 in Dodging
  4161 | D:6      | Noticed Grinder
  4176 | D:6      | Killed Grinder
  4176 | D:6      | Reached skill level 5 in Slings
  4176 | D:6      | Reached XP level 8. HP: 54/54 MP: 8/8
  4348 | D:6      | Reached skill level 5 in Fighting
  4486 | D:6      | Found a stormy altar of Qazlal.
  5049 | D:6      | Found a sacrificial altar of Ru.
  5050 | D:6      | Found an iron altar of Okawaru.
  5159 | D:7      | Noticed a basilisk
  5238 | D:7      | Killed a basilisk
  5238 | D:7      | Reached XP level 9. HP: 23/61 MP: 9/9
  5445 | D:7      | Noticed Duvessa
  5447 | D:7      | Reached *** piety under the Shining One
  5450 | D:7      | Noticed Dowan
  5458 | D:7      | Killed Duvessa
  5487 | D:7      | Killed Dowan
  5978 | D:7      | Reached skill level 10 in Slings
  6492 | D:7      | Found a runed translucent door.
  6493 | D:7      | Noticed Crazy Yiuf
  6501 | D:7      | Killed Crazy Yiuf
  6530 | D:8      | Noticed a hippogriff
  6552 | D:7      | Killed a hippogriff
  6642 | D:8      | Noticed a hippogriff
  6710 | D:8      | Found a transporter.
  6710 | D:8      | Reached **** piety under the Shining One
  6743 | D:8      | Noticed a kobold demonologist
  6796 | D:8      | Reached XP level 10. HP: 66/69 MP: 10/10
  6799 | D:8      | Noticed a cyclops
  7060 | D:8      | Noticed Erica
  7092 | D:8      | Killed Erica
  7526 | D:8      | Noticed a two-headed hydra
  7696 | D:9      | Got a scorched war axe
  7697 | D:9      | Identified the +4 war axe of Arrival {vamp, MR+} (You found
                  | it on level 9 of the Dungeon)
  7930 | D:9      | Noticed a brown ugly thing
  8026 | D:8      | Killed a one-headed hydra
  8026 | D:8      | Reached skill level 10 in Dodging
  8026 | D:8      | Reached XP level 11. HP: 71/78 MP: 11/11
  8176 | D:8      | Found a transporter.
  8203 | D:8      | Killed a cyclops
  8250 | D:8      | Found a shimmering blue altar of Sif Muna.
  8274 | D:8      | Found a shadowy altar of Dithmenos.
  8274 | D:8      | Noticed a deep elf mage
  8288 | D:8      | Killed a deep elf mage
  8386 | D:8      | Noticed a sixfirhy
  8794 | D:8      | Killed a brown ugly thing
  8805 | D:9      | Reached ***** piety under the Shining One
  9232 | D:10     | Entered Level 10 of the Dungeon
  9278 | D:10     | Found a transporter.
  9294 | D:10     | Found a transporter.
  9294 | D:10     | Noticed Uttuuhiph's ghost (novice DgWn)
  9373 | D:10     | Noticed Sonja
  9375 | D:10     | Noticed Harold
  9814 | D:10     | Noticed Fannar
 10010 | D:11     | Found an iron altar of Okawaru.
 10042 | D:11     | Found Ased's Antique Armour Boutique.
 10049 | D:11     | Noticed Nergalle
 10103 | D:11     | Killed Nergalle
 10267 | D:11     | Found a staircase to the Lair.
 10351 | D:11     | Noticed a cyclops
 10352 | D:11     | Noticed a white ugly thing
 10353 | D:11     | Noticed a purple ugly thing
 10411 | D:11     | Killed a cyan ugly thing
 10411 | D:11     | Reached skill level 10 in Fighting
 10427 | D:11     | HP: 1/81 [cyan ugly thing (13)]
 10863 | D:11     | Noticed a brown ugly thing
 11160 | D:11     | Killed a brown ugly thing
 11425 | D:11     | Noticed an orc knight
 11462 | D:11     | Killed an orc knight
 11462 | D:11     | Reached XP level 12. HP: 88/88 MP: 12/12
 11523 | D:11     | Found a roughly hewn altar of Beogh.
 11523 | D:11     | Found a staircase to the Orcish Mines.
 11698 | D:11     | Reached skill level 1 in Armour
 12280 | D:12     | Found a flagged portal.
 12314 | D:12     | Reached ****** piety under the Shining One
 12387 | D:12     | Found a runed translucent gate.
 12387 | D:12     | Noticed Plazmod's ghost (journeyman DECj)
 12388 | D:12     | Found a runed translucent gate.
 12388 | D:12     | Found a runed translucent gate.
 12389 | D:12     | Found a roughly hewn altar of Beogh.
 12389 | D:12     | Identified the +10 scimitar of Paper {holy, *Noise +Inv
                  | Str+7 Dex+3}
 12413 | Bailey   | Entered a bailey
 12916 | Bailey   | Noticed an orc warlord
 12951 | Bailey   | Killed an orc warlord
 12951 | Bailey   | Was placed under penance by the Shining One
 13074 | Bailey   | Identified 2 scrolls of acquirement
 13077 | Bailey   | Got a scorched hunting sling
 13078 | Bailey   | Identified the +3 hunting sling of Revolt {flame, rF+} (You
                  | acquired it in a bailey)
 13570 | D:12     | Noticed a two-headed ogre
 13587 | D:12     | Killed a two-headed ogre
 13587 | D:12     | Reached skill level 5 in Armour
 13654 | D:12     | Reached XP level 13. HP: 71/95 MP: 13/13
 13968 | D:12     | Killed Plazmod's ghost
 14414 | D:12     | Found the +10 large shield of Ignorance {rN+ Int-4}
 14633 | D:13     | Found Facyb's Food Shop.
 14708 | D:13     | Found Idoth's Serpentskin Sales.
 15161 | D:13     | Noticed a centaur warrior
 15217 | D:13     | Killed a centaur warrior
 15727 | D:13     | Found a gate to the Vaults.
 15760 | D:13     | Noticed Josephine
 15796 | D:13     | Killed Josephine
 16011 | D:13     | Noticed a centaur warrior
 16029 | D:13     | Killed a centaur warrior
 16251 | D:14     | Was forgiven by the Shining One
 16455 | D:14     | Found an opulent altar of Gozag.
 16503 | D:14     | Reached XP level 14. HP: 95/103 MP: 14/14
 17305 | D:15     | Entered Level 15 of the Dungeon
 17429 | D:15     | Reached skill level 1 in Shields
 17964 | D:15     | Found a staircase to the Depths.
 17964 | D:15     | Noticed a dire elephant
 17984 | D:15     | Slain by a dire elephant

Levels and vault maps discovered:
D:1:      kennysheep_arrival_seaside, layout_loops_ring, minmay_pentomino_q4
D:2:      cheibrodos_greedy_goblins, layout_basic, nemelex_altar_shiori,
          amethyst_overflow_temple_binary, bloody_trog, kennysheep_flooded_box,
          uniq_sigmund
D:3:      layout_basic
D:4:      layout_basic, zin_statuary, first_ration, grunt_ministairs_5
D:5:      layout_loops_ring, gammafunk_temple_overflow_claw,
          minmay_temple_entry_mini_moons
D:6:      layout_basic, lemuel_crystal_altar, nicolae_overflow_hidden_temple,
          kennysheep_dice, uniq_grinder
D:7:      layout_loops_corners, uniq_crazy_yiuf_cottage, uniq_duvessa
D:8:      gammafunk_wand_slinger, layout_rooms, basic_altar, hangedman_ranch
          [blue_anna_fruit_fields], david_defended_altar_elf, uniq_erica
D:9:      cheibrodos_barr_body, layout_gridville, minmay_misc_feat_hallway,
          chequers_serial_rivers_micro_c
D:10:     layout_roguey, gammafunk_ghost_mausoleum, uniq_fannar, uniq_sonja,
          uniq_harold
D:11:     layout_rooms, lair_entry_dummy, david_orc_5, basic_altar,
          serial_shops, shop_fountains, chequers_serial_rivers_micro_d,
          hangedman_abyss_or_decor_lesser_grid, minmay_checkerbox, uniq_nergalle
D:12:     layout_gridville, biasface_ghost_orc_armoury, enter_bailey_6
D:13:     layout_stronghold, david_vaults_4, serial_shops, shop,
          guppyfry_shop_venom, uniq_josephine
D:14:     layout_irregular_city, nicolae_gozag_seed_capital
D:15:     hangedman_depths_entry_try_elsewhere_first, layout_irregular_city,
          serial_glass, glass_columns_a, glass_columns_a
Temple:   bh_familiar_temple

Skill      XL: |  1  2  3  4  5  6  7  8  9 10 11 12 13 14 |
---------------+-------------------------------------------+-----
Fighting       | 3 4 5 6 8 10 11 12 | 12.8
Long Blades    | 4 5 7 8 |  8.5
Dodging        | 4 5 6 7 10 12 13 14 | 14.8
Slings         | 2 5 8 11 12 14 | 14.0
Armour         | 5 7 9 |  9.2
Shields        | 4 |  4.5
Stealth        | |  2.1

Action                   |  1- 3 |  4- 6 |  7- 9 | 10-12 | 13-15 || total
-------------------------+-------+-------+-------+-------+-------++-------
Melee: Falchion          |   100 |   107 |       |       |       ||   207
       Hunting sling     |       |       |     2 |       |       ||     2
       Scimitar          |       |       |       |     2 |       ||     2
 Fire: Hunting sling     |       |    34 |   507 |  1438 |   399 ||  2378
       Fustibalus        |       |       |       |       |   432 ||   432
Throw: Stone             |     3 |       |       |       |       ||     3
  Use: Potion            |     1 |       |     2 |     6 |     3 ||    12
       Scroll            |       |     3 |       |    20 |    11 ||    34
 Stab: Distracted        |     2 |       |       |       |       ||     2
       Sleeping          |     1 |     2 |       |       |       ||     3
  Eat: Chunk             |     1 |     2 |    10 |    26 |     9 ||    48
       Ration            |     1 |     1 |       |       |     1 ||     3
Armor: Robe              |    11 |    11 |       |       |       ||    22
       Leather armour    |       |    10 |    76 |   120 |    55 ||   261
Dodge: Dodged            |    68 |   114 |   163 |   646 |   260 ||  1251
Block: Buckler           |       |       |       |       |    24 ||    24
       Rpst.: Falchion   |    20 |    29 |       |       |       ||    49
       Scimitar          |       |       |       |     1 |       ||     1
